EVO
UNIVERSITY OF NORTH CAROLINA AT CHAPEL HILL TAR HEELS @ UCLA BRUINS
07/27/2046
 
TOP OF THE 1ST
University of North Carolina at Chapel Hill Tar Heels batting - Pitching for UCLA Bruins : RHP Alex Valdez
Pitching: RHP Alex Valdez
Batting: LHB Ron de Vos 0-0: Called Strike
0-1: Ball
1-1: Foul Ball, location: 2F
1-2: Foul Ball, location: 2F
1-2: Ground out U3 (Groundball, 34, EV 90.6 MPH)
Batting: RHB Juan Mejia 0-0: SINGLE (Groundball, 6MD, EV 94.4 MPH)
Batting: RHB Jonathan Winkler 0-0: Foul Ball, location: 2F
0-1: Foul Ball, location: 2F
0-2: Foul Ball, location: 2F
0-2: Strikes out swinging
Batting: RHB Fernando Mejia 0-0: Called Strike
0-1: Foul Ball, location: 2F
0-2: Ball
1-2: Ball
2-2: Strikes out swinging
Top of the 1st over - 0 runs, 1 hit, 0 errors, 1 left on base; University of North Carolina at Chapel Hill 0 - UCLA 0
BOTTOM OF THE 1ST
UCLA Bruins batting - Pitching for University of North Carolina at Chapel Hill Tar Heels : LHP Dao-zi Woo
Pitching: LHP Dao-zi Woo
Batting: RHB Hidesuke Yoshida 0-0: Ball
1-0: Ground out 6-3 (Groundball, 6, EV 85.0 MPH)
Batting: LHB Mark Cummings 0-0: Called Strike
0-1: Foul Ball, location: 2F
0-2: Ball
1-2: Foul Ball, location: 2F
1-2: SINGLE (Flyball, 78S, EV 86.9 MPH)
Batting: RHB Xavier Reeves 0-0: Called Strike
0-1: Hit by Pitch
Mark Cummings to second
Batting: SHB Sean Munns 0-0: Ball
1-0: Foul Ball, location: 2F
1-1: Ball
2-1: Foul Ball, location: 2F
2-2: SINGLE (Flyball, 9LS, EV 95.0 MPH)
Mark Cummings to third
Xavier Reeves to second
Batting: RHB Michael Alvarado 0-0: Ball
1-0: Ball
2-0: Foul Ball, location: 2F
2-1: Called Strike
2-2: Strikes out swinging
Batting: LHB Jim Snell 0-0: Ball
1-0: Ground out 4-3 (Groundball, 4, EV 88.8 MPH)
Bottom of the 1st over - 0 runs, 2 hits, 0 errors, 3 left on base; University of North Carolina at Chapel Hill 0 - UCLA 0
TOP OF THE 2ND
University of North Carolina at Chapel Hill Tar Heels batting - Pitching for UCLA Bruins : RHP Alex Valdez
Pitching: RHP Jan Marvel
Batting: RHB Bill Atley 0-0: Swinging Strike
0-1: Foul Ball, location: 2F
0-2: Ball
1-2: Ball
2-2: Ball
3-2: Foul Ball, location: 2F
3-2: Ground out U3 (Groundball, 34, EV 95.0 MPH)
Batting: SHB Ryan Marsh 0-0: Ball
1-0: Ball
2-0: Called Strike
2-1: Fly out, F8 (Flyball, 78S, EV 82.5 MPH)
Batting: SHB Tom Auld 0-0: Ball
1-0: Ball
2-0: Foul Ball, location: 2F
2-1: Called Strike
2-2: Strikes out swinging
Top of the 2nd over - 0 runs, 0 hits, 0 errors, 0 left on base; University of North Carolina at Chapel Hill 0 - UCLA 0
BOTTOM OF THE 2ND
UCLA Bruins batting - Pitching for University of North Carolina at Chapel Hill Tar Heels : LHP Dao-zi Woo
Batting: RHB Sergio Cervantes 0-0: Ball
1-0: Ball
2-0: Fly out, F6 (Popup, 6M, EV 58.8 MPH)
Batting: LHB Freddy Monge 0-0: Fly out, F6 (Popup, 6MD, EV 56.2 MPH)
Batting: RHB Carlos Murillo 0-0: Called Strike
0-1: Ball
1-1: Foul Ball, location: 2F
1-2: Ball
2-2: Foul Ball, location: 2F
2-2: Ground out 5-3 (Groundball, 5L, EV 109.4 MPH)
Bottom of the 2nd over - 0 runs, 0 hits, 0 errors, 0 left on base; University of North Carolina at Chapel Hill 0 - UCLA 0
TOP OF THE 3RD
University of North Carolina at Chapel Hill Tar Heels batting - Pitching for UCLA Bruins : RHP Jan Marvel
Batting: SHB Rob Haney 0-0: Ball
1-0: Swinging Strike
1-1: Foul Ball, location: 2F
1-2: Ground out 4-3 (Groundball, 34, EV 109.4 MPH)
Batting: LHB Dennis Jones 0-0: Foul Ball, location: 2F
0-1: Foul Ball, location: 2F
0-2: Ball
1-2: SOLO HOME RUN (Flyball, 89XD, EV 110.0 MPH), Distance : 434 ft
Batting: LHB Ron de Vos 0-0: Called Strike
0-1: Fly out, F5 (Popup, 5SF, EV 83.1 MPH)
Batting: RHB Juan Mejia 0-0: Ball
1-0: Called Strike
1-1: SOLO HOME RUN (Flyball, 9D, EV 98.8 MPH), Distance : 370 ft
Batting: RHB Jonathan Winkler 0-0: Ball
1-0: Called Strike
1-1: Ball
2-1: DOUBLE (Line Drive, 89XD, EV 103.8 MPH)
Batting: RHB Fernando Mejia 0-0: Foul Ball, location: 2F
0-1: Foul Ball, location: 2F
0-2: Foul Ball, location: 2F
0-2: Ball
1-2: Strikes out looking
Top of the 3rd over - 2 runs, 3 hits, 0 errors, 1 left on base; University of North Carolina at Chapel Hill 2 - UCLA 0
BOTTOM OF THE 3RD
UCLA Bruins batting - Pitching for University of North Carolina at Chapel Hill Tar Heels : LHP Dao-zi Woo
Batting: RHB Hidesuke Yoshida 0-0: Ground out 5-3 (Groundball, 5S, EV 85.6 MPH)
Batting: LHB Mark Cummings 0-0: Bunt for hit to 15 - play at first, batter OUT! 1-3
Batting: RHB Xavier Reeves 0-0: Ball
1-0: SOLO HOME RUN (Flyball, 78XD, EV 113.1 MPH), Distance : 448 ft
Batting: SHB Sean Munns 0-0: Called Strike
0-1: Fly out, F7 (Flyball, 78S, EV 94.4 MPH)
Bottom of the 3rd over - 1 run, 1 hit, 0 errors, 0 left on base; University of North Carolina at Chapel Hill 2 - UCLA 1
TOP OF THE 4TH
University of North Carolina at Chapel Hill Tar Heels batting - Pitching for UCLA Bruins : RHP Jan Marvel
Pitching: RHP Mick Chesney
Batting: RHB Bill Atley 0-0: Foul Ball, location: 2F
0-1: Swinging Strike
0-2: Ball
1-2: Foul Ball, location: 2F
1-2: Foul Ball, location: 2F
1-2: Ball
2-2: Ball
3-2: Base on Balls
Batting: SHB Ryan Marsh 0-0: Swinging Strike
0-1: Foul Ball, location: 2F
0-2: Strikes out swinging
Batting: SHB Tom Auld 0-0: Called Strike
Bill Atley steals 2nd base (no throw)
0-1: Hit by Pitch
Batting: SHB Rob Haney 0-0: Ball
1-0: Called Strike
1-1: Ball
2-1: Ball
3-1: Fly out, F9 (Flyball, 89M, EV 93.1 MPH)
Batting: LHB Dennis Jones 0-0: Swinging Strike
0-1: Ball
1-1: Called Strike
1-2: Ball
2-2: Foul Ball, location: 2F
2-2: Foul Ball, location: 2F
2-2: Foul Ball, location: 2F
2-2: Ball
3-2: Fly out, F9 (Flyball, 89D, EV 105.0 MPH)
Top of the 4th over - 0 runs, 0 hits, 0 errors, 2 left on base; University of North Carolina at Chapel Hill 2 - UCLA 1
BOTTOM OF THE 4TH
UCLA Bruins batting - Pitching for University of North Carolina at Chapel Hill Tar Heels : LHP Dao-zi Woo
Batting: RHB Michael Alvarado 0-0: Ball
1-0: Called Strike
1-1: Fly out, F8 (Flyball, 78M, EV 76.9 MPH)
Batting: LHB Jim Snell 0-0: Swinging Strike
0-1: Swinging Strike
0-2: TRIPLE (Flyball, 89XD, EV 87.5 MPH)
Batting: RHB Sergio Cervantes 0-0: Ball
1-0: Foul Ball, location: 2F
1-1: Ball
2-1: Called Strike
2-2: Foul Ball, location: 2F
2-2: Ball
3-2: Fly out, F9 (Flyball, 89D, EV 88.1 MPH)
Runner from 3rd tags up, SCORES, no throw by RF
Batting: LHB Freddy Monge 0-0: Ball
1-0: Called Strike
1-1: Fly out, F9 (Flyball, 89D, EV 88.1 MPH)
Bottom of the 4th over - 1 run, 1 hit, 0 errors, 0 left on base; University of North Carolina at Chapel Hill 2 - UCLA 2
TOP OF THE 5TH
University of North Carolina at Chapel Hill Tar Heels batting - Pitching for UCLA Bruins : RHP Mick Chesney
Now at C: Alberto Aguilar
Now in LF: Carlos Guadarrama
Now in RF: Bill Helmer
Pinch Hitting: RHB Matt McGuire 0-0: Ball
1-0: Called Strike
1-1: Ball
2-1: Foul Ball, location: 2F
2-2: Strikes out swinging
Batting: RHB Juan Mejia 0-0: Foul Ball, location: 2F
0-1: Ball
1-1: Ball
2-1: DOUBLE (Line Drive, 89D, EV 103.1 MPH)
Batting: RHB Jonathan Winkler 0-0: Ball
1-0: Ball
2-0: Foul Ball, location: 2F
2-1: Swinging Strike
2-2: Fly out, F4 (Line Drive, 34, EV 71.9 MPH)
Pitching: RHP Eric Rossi
Pinch Hitting: RHB Danny Gallardo 0-0: Fly out, F8 (Flyball, 8LD, EV 80.6 MPH)
Top of the 5th over - 0 runs, 1 hit, 0 errors, 1 left on base; University of North Carolina at Chapel Hill 2 - UCLA 2
BOTTOM OF THE 5TH
UCLA Bruins batting - Pitching for University of North Carolina at Chapel Hill Tar Heels : LHP Dao-zi Woo
Now at C: Rowan Prince
Now at 2B: Danny Gallardo
Now in LF: Juan Zuniga
Now in CF: Brian Woods
Now in RF: Matt McGuire
Batting: RHB Carlos Murillo 0-0: Ball
1-0: Swinging Strike
1-1: Ball
2-1: Called Strike
2-2: Foul Ball, location: 2F
2-2: Ball
3-2: Base on Balls
Batting: LHB Alberto Aguilar 0-0: Fly out, F9 (Flyball, 89M, EV 89.4 MPH)
Pitching: RHP Berry Dow
Pinch Hitting: RHB Benedikt Fleischmann 0-0: Ball
1-0: Ball
2-0: Fly out, F8 (Flyball, 78M, EV 90.0 MPH)
Pinch Hitting: RHB Angel Melendez 0-0: Ball
1-0: Swinging Strike
1-1: SINGLE (Line Drive, 89M, EV 90.0 MPH)
Carlos Murillo to second
Runner from 2nd tries for 3rd, SAFE, no throw by CF
Batting: LHB Carlos Guadarrama 0-0: Ball
1-0: Called Strike
1-1: Fielders Choice at 2nd, 5-4 (Groundball, 56, EV 89.4 MPH)
Bottom of the 5th over - 0 runs, 1 hit, 0 errors, 2 left on base; University of North Carolina at Chapel Hill 2 - UCLA 2
TOP OF THE 6TH
University of North Carolina at Chapel Hill Tar Heels batting - Pitching for UCLA Bruins : RHP Eric Rossi
Now at SS: Angel Melendez
Now in CF: Bill Helmer
Now in RF: Benedikt Fleischmann
Batting: LHB Hector Salazar 0-0: SINGLE (Groundball, 3, EV 110.6 MPH)
Pinch Hitting: RHB Chris Zubia 0-0: Called Strike
0-1: Ball
1-1: SINGLE (Groundball, 56D, EV 100.0 MPH)
Hector Salazar to second
Pinch Hitting: RHB Danny Diaz 0-0: Foul Ball, location: 2F
0-1: Ball
1-1: Ball
2-1: Ball
3-1: Bunt - Flyout to 5S! F5
Pinch Hitting: RHB C.J. Fleet 0-0: Called Strike
0-1: Ball
1-1: Ball
Passed Ball!
Hector Salazar to third
Chris Zubia to second
2-1: Ball
3-1: Base on Balls
Batting: RHB Rowan Prince 0-0: GRAND SLAM HOME RUN (Flyball, 78XD, EV 110.6 MPH), Distance : 444 ft
Pitching: RHP Masami Ogura
Batting: RHB Matt McGuire 0-0: Swinging Strike
0-1: Called Strike
0-2: Ball
1-2: Ball
2-2: Ball
3-2: SINGLE (Line Drive, 8LS, EV 100.6 MPH)
Pinch Hitting: RHB James Bickel 0-0: Ball
1-0: Called Strike
1-1: Ball
2-1: SINGLE (Groundball, 34D, EV 110.0 MPH)
Matt McGuire to second
Batting: LHB Brian Woods 0-0: Fielders Choice at 2nd, 4-6 (Groundball, 4, EV 104.4 MPH)
Matt McGuire to third
Batting: RHB Danny Gallardo 0-0: Ball
1-0: Swinging Strike
1-1: SINGLE (Flyball, 56D, EV 88.8 MPH)
Matt McGuire scores
Brian Woods to second
Batting: LHB Hector Salazar 0-0: Ball
1-0: Called Strike
1-1: Fly out, F8 (Line Drive, 8RM, EV 103.1 MPH)
Top of the 6th over - 5 runs, 6 hits, 0 errors, 2 left on base; University of North Carolina at Chapel Hill 7 - UCLA 2
BOTTOM OF THE 6TH
UCLA Bruins batting - Pitching for University of North Carolina at Chapel Hill Tar Heels : RHP Berry Dow
Now at 1B: Alastair Cummings
Now at 3B: Danny Diaz
Now at SS: Brian Bell
Now in LF: Matt McGuire
Now in RF: Jeff Parlo
Pinch Hitting: SHB Jonathan Jacob 0-0: Ball
1-0: Ground out 5-3 (Groundball, 5S, EV 80.6 MPH)
Batting: LHB Bill Helmer 0-0: Called Strike
0-1: Ball
1-1: Foul Ball, location: 2F
1-2: Strikes out swinging
Pinch Hitting: RHB Issac Konol 0-0: Ball
1-0: Foul Ball, location: 2F
1-1: Ball
2-1: Fly out, F7 (Flyball, 7, EV 73.1 MPH)
Bottom of the 6th over - 0 runs, 0 hits, 0 errors, 0 left on base; University of North Carolina at Chapel Hill 7 - UCLA 2
TOP OF THE 7TH
University of North Carolina at Chapel Hill Tar Heels batting - Pitching for UCLA Bruins : RHP Masami Ogura
Now at 1B: Issac Konol
Now at 2B: Jonathan Jacob
Now at 3B: Brian Stacey
Batting: RHB Jeff Parlo 0-0: Hit by Pitch
Batting: RHB Danny Diaz 0-0: Ball
Jeff Parlo steals 2nd base
1-0: Ball
2-0: Swinging Strike
2-1: Fly out, F9 (Flyball, 9, EV 84.4 MPH)
Runner from 2nd tags up, SAFE at 3rd with throw by RF
Batting: RHB Brian Bell 0-0: Swinging Strike
0-1: Foul Ball, location: 2F
0-2: Ball
1-2: Ball
2-2: Strikes out swinging
Batting: RHB Rowan Prince 0-0: 2-RUN HOME RUN (Flyball, 9D, EV 95.0 MPH), Distance : 372 ft
Pinch Hitting: RHB Josh Massey 0-0: Ball
1-0: Called Strike
1-1: Ball
2-1: Foul Ball, location: 2F
2-2: Ball
3-2: DOUBLE (Line Drive, 9LM, EV 98.1 MPH)
Batting: LHB Alastair Cummings 0-0: Called Strike
0-1: Ball
1-1: Called Strike
1-2: Foul Ball, location: 2F
1-2: Ball
2-2: Ground out 1-3 (Groundball, 13S, EV 62.5 MPH)
Top of the 7th over - 2 runs, 2 hits, 0 errors, 1 left on base; University of North Carolina at Chapel Hill 9 - UCLA 2
BOTTOM OF THE 7TH
UCLA Bruins batting - Pitching for University of North Carolina at Chapel Hill Tar Heels : RHP Berry Dow
Now in LF: Burke Miller
Batting: LHB Scott Mullett 0-0: Foul Ball, location: 2F
0-1: Ball
1-1: Ball
2-1: Foul Ball, location: 2F
2-2: Foul Ball, location: 2F
2-2: Ball
3-2: SINGLE (Line Drive, 9LS, EV 101.9 MPH)
Batting: RHB Brian Stacey 0-0: Called Strike
0-1: Ball
1-1: Ball
2-1: Called Strike
2-2: Foul Ball, location: 2F
2-2: Ball
3-2: Base on Balls
Scott Mullett to second
Pitching: RHP Gareth Valcourt
Batting: LHB Alberto Aguilar 0-0: Called Strike
0-1: Ball
1-1: Foul Ball, location: 2F
1-2: Foul Ball, location: 2F
1-2: Foul Ball, location: 2F
1-2: Ball
2-2: Ball
3-2: Fly out, F7 (Line Drive, 78M, EV 111.2 MPH)
Pinch Hitting: LHB Edwin Esparza 0-0: Ball
1-0: Ball
2-0: Ball
3-0: Base on Balls
Scott Mullett to third
Brian Stacey to second
Batting: RHB Angel Melendez 0-0: Called Strike
0-1: Swinging Strike
0-2: Fly out, F9 (Flyball, 9, EV 96.9 MPH)
Runner from 3rd tags up, SCORES, throw by RF
Pinch Hitting: RHB Matt Martin 0-0: SINGLE (Line Drive, 6D, EV 98.8 MPH)
Brian Stacey to third
Edwin Esparza to second
Batting: SHB Jonathan Jacob 0-0: Ball
1-0: Ball
2-0: Called Strike
2-1: Ball
3-1: SINGLE (Flyball, 9S, EV 91.2 MPH)
Brian Stacey scores
Edwin Esparza to third
Matt Martin to second
Runner from 3rd tries for Home, SAFE, throw by RF to home
Pinch Hitting: RHB Jamie Blankenship 0-0: Ground out 4-3 (Groundball, 4, EV 82.5 MPH)
Bottom of the 7th over - 3 runs, 3 hits, 0 errors, 2 left on base; University of North Carolina at Chapel Hill 9 - UCLA 5
TOP OF THE 8TH
University of North Carolina at Chapel Hill Tar Heels batting - Pitching for UCLA Bruins : RHP Masami Ogura
Pitching: RHP Andrew Stanek
Now in LF: Edwin Esparza
Now in CF: Jamie Blankenship
Now in RF: Jeremy May
Batting: LHB Brian Woods 0-0: Ground out U3 (Groundball, 3, EV 80.6 MPH)
Pinch Hitting: SHB Taylor Shelton 0-0: Foul Ball, location: 2F
0-1: Ball
1-1: Foul Ball, location: 2F
1-2: Ball
2-2: Ball
3-2: Fly out, F8 (Flyball, 8RM, EV 85.6 MPH)
Batting: RHB Luis Sanchez 0-0: Called Strike
0-1: Ground out 5-3 (Groundball, 56, EV 81.9 MPH)
Top of the 8th over - 0 runs, 0 hits, 0 errors, 0 left on base; University of North Carolina at Chapel Hill 9 - UCLA 5
BOTTOM OF THE 8TH
UCLA Bruins batting - Pitching for University of North Carolina at Chapel Hill Tar Heels : RHP Gareth Valcourt
Pitching: RHP Juan Peralez
Now at 2B: Taylor Shelton
Batting: RHB Issac Konol 0-0: Foul Ball, location: 2F
0-1: Called Strike
0-2: Ground out U3 (Groundball, 13, EV 89.4 MPH)
Batting: LHB Scott Mullett 0-0: Called Strike
0-1: Ball
1-1: Ball
2-1: Swinging Strike
2-2: Ball
3-2: Base on Balls
Batting: RHB Brian Stacey 0-0: Called Strike
0-1: Ball
1-1: Ball
2-1: Foul Ball, location: 2F
2-2: Foul Ball, location: 2F
2-2: Ball
3-2: Foul Ball, location: 2F
3-2: Foul Ball, location: 2F
3-2: SINGLE (Flyball, 4D, EV 87.5 MPH)
Scott Mullett to second
Batting: LHB Alberto Aguilar 0-0: Ball
1-0: Ball
2-0: Ball
3-0: Called Strike
3-1: Base on Balls
Scott Mullett to third
Brian Stacey to second
Batting: LHB Edwin Esparza 0-0: Foul Ball, location: 2F
0-1: Ball
1-1: Ball
2-1: Fielders Choice at 2nd, 6-4 (Groundball, 6, EV 102.5 MPH)
Scott Mullett scores
Brian Stacey to third
Pinch Hitting: RHB Juan Carrillo 0-0: Ball
1-0: Fly out, F9 (Flyball, 9, EV 98.8 MPH)
Bottom of the 8th over - 1 run, 1 hit, 0 errors, 2 left on base; University of North Carolina at Chapel Hill 9 - UCLA 6
TOP OF THE 9TH
University of North Carolina at Chapel Hill Tar Heels batting - Pitching for UCLA Bruins : RHP Andrew Stanek
Now at SS: Juan Carrillo
Batting: RHB Jeff Parlo 0-0: Fly out, F7 (Flyball, 78M, EV 90.0 MPH)
Batting: RHB Danny Diaz 0-0: Called Strike
0-1: Foul Ball, location: 2F
0-2: Strikes out swinging
Batting: RHB Brian Bell 0-0: Ball
1-0: Ball
2-0: Ball
3-0: Base on Balls
Pinch Hitting: RHB Brandon Wilson 0-0: Ball
1-0: Ball
2-0: Foul Ball, location: 2F
2-1: Ball
3-1: Foul Ball, location: 2F
3-2: Foul Ball, location: 2F
3-2: Ground out 6-3 (Groundball, 6MS, EV 65.6 MPH)
Top of the 9th over - 0 runs, 0 hits, 0 errors, 1 left on base; University of North Carolina at Chapel Hill 9 - UCLA 6
BOTTOM OF THE 9TH
UCLA Bruins batting - Pitching for University of North Carolina at Chapel Hill Tar Heels : RHP Juan Peralez
Pitching: LHP Adrian Sanchez
Now at C: Justin Jackson
Pinch Hitting: RHB Simon Sultzbach 0-0: Called Strike
0-1: Swinging Strike
0-2: Strikes out swinging
Pinch Hitting: LHB Mike Fernandez 0-0: Called Strike
0-1: Foul Ball, location: 2F
0-2: Ball
1-2: SOLO HOME RUN (Line Drive, 9D, EV 102.5 MPH), Distance : 384 ft
Pinch Hitting: RHB Roman Lauder 0-0: Ball
1-0: Foul Ball, location: 2F
1-1: Ball
2-1: Ball
3-1: Fly out, F9 (Flyball, 9D, EV 105.0 MPH)
Pinch Hitting: RHB Hassan Thomas 0-0: Called Strike
0-1: Ball
1-1: Ball
2-1: SINGLE (Groundball, P, EV 80.0 MPH) (infield hit)
Batting: RHB Ken Hillman 0-0: Swinging Strike
0-1: Foul Ball, location: 2F
0-2: Ball
1-2: Ball
2-2: Ground out U3 (Groundball, 3, EV 79.4 MPH)
Bottom of the 9th over - 1 run, 2 hits, 0 errors, 1 left on base; University of North Carolina at Chapel Hill 9 - UCLA 7
Tuesday, September 13th , 2022 - OOTP Baseball 23.7 Build 88